 Dungeon Crawl Stone Soup version 0.21.0-24-g2553a33 (webtiles) character file.

56 tidbits the Slasher (level 3, -1/28 HPs)
             Began as a Gnoll Wanderer on Jan 19, 2018.
             Slain by attackplan's ghost (2 damage)
             ... on level 4 of the Dungeon.
             The game lasted 00:06:11 (586 turns).

tidbits the Slasher (Gnoll Wanderer)                 Turns: 586, Time: 00:06:11

Health: -1/28      AC:  3    Str: 15    XL:     3   Next: 95%
Magic:  4/4        EV: 16    Int: 15    God:
Gold:   56         SH:  0    Dex: 18    Spells: 4/4 levels left

rFire    . . .     SeeInvis .   a - +0 falchion
rCold    . . .     Gourm    .   (no shield)
rNeg     . . .     Faith    .   B - +0 robe
rPois    .         Spirit   .   (no helmet)
rElec    .         Reflect  .   (no cloak)
rCorr    .         Harm     .   (no gloves)
MR       .....                  F - +0 pair of boots
Stlth    ++++......             i - amulet of magic regeneration
HPRegen  0.09/turn              (no ring)
MPRegen  0.34/turn              (no ring)

@: agile, drained
A: distributed training, fangs 1, strong nose
a: no special abilities


You were on level 4 of the Dungeon.
You were not hungry.

You visited 1 branch of the dungeon, and saw 4 of its levels.

You collected 56 gold pieces.

Inventory:

Hand Weapons
 a - a +0 falchion (weapon)
 b - a +2 hunting sling of freezing
   (You found it on level 1 of the Dungeon)
 d - a +2 dagger
 k - a +0 blowgun
Missiles
 e - 11 stones (quivered)
 h - 58 sling bullets
 m - 15 poisoned needles
Armour
 B - a +0 robe (worn)
 F - a +0 pair of boots (worn)
Jewellery
 i - an amulet of magic regeneration (around neck)
   (You found it on level 1 of the Dungeon)
 p - an uncursed amulet of faith
   (You found it on level 2 of the Dungeon)
Wands
 l - a wand of random effects (25)
 s - a wand of iceblast (4)
Scrolls
 c - 2 scrolls of teleportation
 j - a scroll of immolation
 r - a scroll of enchant weapon {unknown}
Potions
 g - a potion of brilliance
 o - a potion of curing
Comestibles
 f - 4 rations
 n - a chunk of flesh


   Skills:
 + Level 2.6(1.8) Fighting
 + Level 1.0(0.2) Short Blades
 + Level 6.5(5.6) Long Blades
 + Level 2.6(1.8) Axes
 + Level 1.0(0.2) Maces & Flails
 + Level 1.0(0.2) Polearms
 + Level 1.0(0.2) Staves
 + Level 1.0(0.2) Slings
 + Level 1.0(0.2) Bows
 + Level 1.0(0.2) Crossbows
 + Level 1.0(0.2) Throwing
 + Level 2.6(1.8) Armour
 + Level 1.0(0.2) Dodging
 + Level 6.0(5.1) Stealth
 + Level 2.6(1.8) Shields
 + Level 1.0(0.2) Unarmed Combat
 + Level 1.0(0.2) Spellcasting
 + Level 0.7(0.0) Conjurations
 + Level 0.7(0.0) Hexes
 + Level 0.7(0.0) Charms
 + Level 0.7(0.0) Summonings
 + Level 0.7(0.0) Necromancy
 + Level 0.7(0.0) Translocations
 + Level 0.7(0.0) Transmutations
 + Level 0.7(0.0) Fire Magic
 + Level 0.7(0.0) Ice Magic
 + Level 0.7(0.0) Air Magic
 + Level 0.7(0.0) Earth Magic
 + Level 0.7(0.0) Poison Magic
 + Level 1.0(0.2) Invocations
 + Level 1.0(0.2) Evocations


You had 4 spell levels left.
You didn't know any spells.

Dungeon Overview and Level Annotations

Branches:
Dungeon (4/15)
 Temple: D:4-7

Altars:
Kikubaaqudgha

Annotations:
D:4 attackplan's ghost, amateur HOFi


Innate Abilities, Weirdness & Mutations

Your experience applies equally to all skills.
You have very sharp teeth.
Your uncanny sense of smell can sniff out nearby items.


Message History

A giant cockroach comes into view.
You feel sick.
Found a potion of curing.
You closely miss the giant cockroach. You bite the giant cockroach.
The giant cockroach is heavily wounded.
The giant cockroach bites you but does no damage.
You barely miss the giant cockroach.
The giant cockroach is heavily wounded.
The giant cockroach closely misses you.
You riposte.
You hit the giant cockroach.
The giant cockroach is almost dead.
You slash the giant cockroach!
You kill the giant cockroach!
You feel sick.
A kobold comes into view. It is wielding a dagger.
You see here a potion of curing.
o - a potion of curing You feel sick.
You are no longer poisoned.
Found a large pearl amulet.
Found a stone staircase leading down.
You see here a large pearl amulet.
p - a large pearl amulet Put on which piece of jewellery? (? for menu, Esc to quit)
You remove your amulet of magic regeneration.
You feel a strange surge of divine interest.
p - an amulet of faith (around neck) Put on which piece of jewellery? (? for menu, Esc to quit)
You remove your amulet of faith.
The amulet hums as it attunes itself to your energized body.
i - an amulet of magic regeneration (around neck)
There is a stone staircase leading down here.
You climb downwards.
There is a stone staircase leading up here.
Unknown command.
Unknown command.
A rat comes into view.
You hit the rat.
You kill the rat!
A worm comes into view.
Found 18 bolts.
Found a silvery potion.
Found a short sword.
You see here 18 bolts.
You see here a silvery potion.
q - a silvery potion You see here a short sword.
Found a scroll labeled CYETU JYRIU.
You see here a scroll labeled CYETU JYRIU.
r - a scroll labeled CYETU JYRIU
Found a stone staircase leading down.
Found a silver wand.
You see here a wand of iceblast (7).
s - a wand of iceblast (7)
There is a stone staircase leading down here.
You climb downwards.
Attackplan's ghost (amateur Hill Orc Fighter) comes into view.
It is wielding a weapon of draining.
There is a stone staircase leading up here.
Unknown command.
Press: ? - help, v - describe, . - travel
Here: attackplan's ghost, wielding a weapon of draining (hasn't noticed you)
The floor.
Unknown command.
Evoke which item? (* to show all) (? for menu, Esc to quit)
Aiming: Random Effects
Press: ? - help, Shift-Dir - straight line, f - attackplan's ghost
Aim: attackplan's ghost, wielding a weapon of draining (hasn't noticed you) Attackplan's ghost resists with some effort.
Evoke which item? (* to show all) (? for menu, Esc to quit)
Aiming: Iceblast
Press: ? - help, Shift-Dir - straight line, f/p - attackplan's ghost
Aim: attackplan's ghost, wielding a weapon of draining The mass of ice explodes!
The iceblast engulfs attackplan's ghost.
Attackplan's ghost is moderately damaged.
Evoke which item? (* to show all) (? for menu, Esc to quit)
Aiming: Iceblast
Press: ? - help, Shift-Dir - straight line, p - attackplan's ghost The mass of ice explodes!
The iceblast engulfs attackplan's ghost.
Attackplan's ghost is heavily damaged.
Attackplan's ghost hits you!
* * * LOW HITPOINT WARNING * * *
You feel drained.
* * * LOW HITPOINT WARNING * * *
It was a potion of agility.
You feel agile all of a sudden. Attackplan's ghost hits you.
* * * LOW HITPOINT WARNING * * *
You feel drained.
* * * LOW HITPOINT WARNING * * *
Evoke which item? (* to show all) (? for menu, Esc to quit)
Aiming: Iceblast
Press: ? - help, Shift-Dir - straight line The mass of ice explodes!
The iceblast engulfs attackplan's ghost.
Attackplan's ghost is severely damaged.
Attackplan's ghost hits you.
* * * LOW HITPOINT WARNING * * *
You feel drained.
You die...

.....# #
....# #.
#...#
#..##...#
+.......#
......#
#..W#
#..@#
........#
........#
........#
#####...#
#...#
#...#
+...#


You could see attackplan's ghost.

Vanquished Creatures
  2 adders (D:2)
  An ooze (D:3)
  A worm (D:2)
  3 bats
  2 giant cockroaches
  A goblin (D:3)
  6 hobgoblins
  6 jackals
  2 kobolds
  A quokka (D:2)
  A frilled lizard (D:2)
  2 rats (D:3)
28 creatures vanquished.

Vanquished Creatures (others)
  A human (D:3)
1 creature vanquished.

Grand Total: 29 creatures vanquished

Notes
Turn   | Place    | Note
-------+----------+-------------------------------------------
     0 | D:1      | tidbits the Gnoll Wanderer began the quest for the Orb.
     0 | D:1      | tidbits set off with: a +2 dagger, a potion of heal wounds, a scroll of teleportation, a +0 falchion, a +0 robe, a ration
     0 | D:1      | Reached XP level 1. HP: 17/17 MP: 1/1
   120 | D:2      | Reached XP level 2. HP: 22/23 MP: 2/2
   270 | D:2      | Reached XP level 3. HP: 15/28 MP: 3/3
   361 | D:3      | Found an ancient bone altar of Kikubaaqudgha.
   362 | D:3      | Noticed a human
   364 | D:3      | Killed a human
   370 | D:3      | Reached skill level 6 in Stealth
   385 | D:3      | Reached skill level 1 in Invocations
   476 | D:2      | Reached skill level 1 in Short Blades
   476 | D:2      | Reached skill level 1 in Maces & Flails
   476 | D:2      | Reached skill level 1 in Polearms
   476 | D:2      | Reached skill level 1 in Staves
   476 | D:2      | Reached skill level 1 in Slings
   476 | D:2      | Reached skill level 1 in Bows
   476 | D:2      | Reached skill level 1 in Crossbows
   476 | D:2      | Reached skill level 1 in Throwing
   476 | D:2      | Reached skill level 1 in Dodging
   476 | D:2      | Reached skill level 1 in Unarmed Combat
   476 | D:2      | Reached skill level 1 in Spellcasting
   476 | D:2      | Reached skill level 1 in Evocations
   581 | D:4      | Noticed attackplan's ghost (amateur HOFi)
   586 | D:4      | HP: 1/28 [attackplan's ghost (6)]
   586 | D:4      | Slain by attackplan's ghost

Skill      XL: |  1  2  3 |
---------------+----------+-----
Stealth        | 6 |  6.0
Invocations    | 1 |  1.0
Short Blades   | 1 |  1.0
Maces & Flails | 1 |  1.0
Polearms       | 1 |  1.0
Staves         | 1 |  1.0
Slings         | 1 |  1.0
Bows           | 1 |  1.0
Crossbows      | 1 |  1.0
Throwing       | 1 |  1.0
Dodging        | 1 |  1.0
Unarmed Combat | 1 |  1.0
Spellcasting   | 1 |  1.0
Evocations     | 1 |  1.0
Fighting       | |  2.6
Long Blades    | |  6.5
Axes           | |  2.6
Armour         | |  2.6
Shields        | |  2.6
Conjurations   | |  0.7
Hexes          | |  0.7
Charms         | |  0.7
Summonings     | |  0.7
Necromancy     | |  0.7
Translocations | |  0.7
Transmutations | |  0.7
Fire Magic     | |  0.7
Ice Magic      | |  0.7
Air Magic      | |  0.7
Earth Magic    | |  0.7
Poison Magic   | |  0.7

Action                   || total
-------------------------++-------
Melee: Falchion          ||    37
       Dagger            ||     3
       Bite              ||     7
 Fire: Hunting sling     ||    37
Evoke: Wand              ||     4
  Use: Scroll            ||     4
       Potion            ||     3
 Stab: Sleeping          ||     2
Armor: Robe              ||    23
Dodge: Dodged            ||    37
       Rpst.: Falchion   ||    10

Table legend:
 A = Turns spent in this place as a percentage of turns spent in the entire game.
 B = Non-inter-level travel turns spent in this place as a percentage of non-inter-level travel turns spent in the entire game.
 C = Inter-level travel turns spent in this place as a percentage of turns spent in this place.
 D = Turns resting spent in this place as a percentage of non-inter-level travel turns spent in this place.
 E = Turns spent auto-exploring this place as a percentage of non-inter-level travel turns spent in this place.
 F = Non-inter-level travel turns spent in this place divided by the number of levels of this place that you've seen.
                   A       B       C       D       E      F
               +-------+-------+-------+-------+-------+----------------------
         Total | 100.0 | 100.0 |   0.5 |   0.0 |   0.0 | 145.8
       Dungeon | 100.0 | 100.0 |   0.5 |   0.0 |   0.0 | 145.8
               +-------+-------+-------+-------+-------+----------------------

Table legend:
 A = Kills in this place as a percentage of kills in entire the game.
 B = Kills by you in this place as a percentage of kills by you in the entire game.
 C = Kills by friends in this place as a percentage of kills by friends in the entire game.
 D = Other kills in this place as a percentage of other kills in the entire game.
 E = Experience gained in this place as a percentage of experience gained in the entire game.
 F = Experience gained in this place divided by the number of levels of this place that you have seen.
                   A       B       C       D       E      F
               +-------+-------+-------+-------+-------+----------------------
         Total | 100.0 | 100.0 |   N/A |   N/A | 100.0 |  20.0
       Dungeon | 100.0 | 100.0 |   N/A |   N/A | 100.0 |  20.0
               +-------+-------+-------+-------+-------+----------------------

Vault maps used:
D:1:      moated_graveyard_arrival, serial_bayou_lake_a
D:2:      first_ration
D:3:      lemuel_crystal_altar, tgw_kikubaaqudgha
D:4:      uniq_sigmund, uniq_ijyb
